 Dungeon Crawl Stone Soup version 0.30-a0-122-g2a1322497e (webtiles) character file.

Game seed: 3425220357203230398

14 Garessta the Sneak (level 2, -2/22 HPs)
             Began as a Demonspawn Brigand on Sept 15, 2022.
             Slain by a goblin
             ... wielding a +0 dagger
             ... led by Robin
              (4 damage)
             ... on level 1 of the Dungeon.
             The game lasted 00:02:51 (1039 turns).

Garessta the Sneak (Demonspawn Brigand)             Turns: 1039, Time: 00:02:51

Health: -2/22      AC:  5    Str: 11    XL:     2   Next: 31%
Magic:  2/2        EV: 11    Int: 12    God:
Gold:   36         SH:  0    Dex: 14    Spells: 1/1 levels left

rFire   . . .      SeeInvis .    a - +2 dagger
rCold   . . .      Faith    .    (no shield)
rNeg    . . .      Spirit   .    b - +0 robe
rPois   .          Reflect  .    k - +0 helmet
rElec   .          Harm     .    c - +0 cloak
rCorr   .          Rampage  .    f - +0 pair of gloves
Will    .....                    (no boots)
Stlth   ++........               (no amulet)
HPRegen 0.07/turn                (no ring)
MPRegen 0.08/turn                (no ring)

@: no status effects
A: demonic magic 1
a: no special abilities


You were on level 1 of the Dungeon.
You visited 1 branch of the dungeon, and saw 2 of its levels.

You collected 69 gold pieces.
You spent 33 gold pieces at shops.

Inventory:

Hand Weapons
 a - a +2 dagger (weapon)
Missiles
 d - 9 poisoned darts (quivered)
 e - 3 curare-tipped darts
Armour
 b - a +0 robe (worn)
 c - a +0 cloak (worn)
 f - a +0 pair of gloves (worn)
 k - a +0 helmet (worn)
Jewellery
 i - a ring of fire
Scrolls
 g - a scroll of teleportation
 h - a scroll of enchant weapon {unknown}
Potions
 j - a potion of cancellation {unknown}


   Skills:
 - Level 2.0 Fighting
 + Level 2.7 Short Blades
 - Level 1.7 Throwing
 - Level 0.8 Dodging
 - Level 3.6 Stealth


You had one spell level left.
You didn't know any spells.
Your spell library was empty.

Dungeon Overview and Level Annotations

Branches:
Dungeon (2/15)

Altars:

Shops:
D:1 ?

Annotations:
D:2 Robin


Innate Abilities, Weirdness & Mutations

Spells you cast may paralyse adjacent enemies.


Message History

The goblin shouts!
You climb upwards.
There is a stone staircase leading down here.
You hit the goblin.
The goblin is severely wounded.
You closely miss the goblin.
The goblin is severely wounded.
The goblin closely misses you.
You hit the goblin.
You kill the goblin!
You climb downwards.
Level annotation: Robin The bat closely misses you.
The goblin unwields a +0 dagger of protection.
The goblin wields a +0 sling.
The goblin shoots a sling bullet.
The sling bullet hits you but does no damage.
The hobgoblin hits you but does no damage.
The goblin hits you with a +0 dagger. The goblin hits you with a +0 club.
There is a stone staircase leading up here.
Unknown command.
The bat barely misses you. The goblin hits you with a +0 dagger.
Robin roars a battlecry!
The goblins go into a battle-frenzy!
The goblin hits you with a +0 club. The hobgoblin closely misses you.
The goblin shoots a sling bullet.
The sling bullet hits you.
The goblin shouts!
You climb upwards.
There is a stone staircase leading down here.
You hit the bat.
The bat is moderately wounded.
The bat hits you but does no damage. The bat hits you.
The goblin hits you with a +0 club.
* * * LOW HITPOINT WARNING * * *
The hobgoblin hits you but does no damage.
The goblin closely misses you.
You hit the hobgoblin.
The hobgoblin is severely wounded.
The bat hits you but does no damage. The goblin hits you but does no damage.
The goblin hits you with a +0 dagger.
You die...

#......###### ########.
#.#####.#.# ###.####...
#.#...#.#.# #........##
#.##....#.###.#.#######
#.#...............#....
#.........###.....#.###
###############........####.###
#.............g................
#.#####......b@g.....######.###
#.#...........g......# #....
#.#.####.#######.#...##########
#.#............................
#.######.#######.#.#..#########
#.# #......##.#.#...........
###.###########.##.#.#........###
#..........)....##.#.#...........
#.#.##############.#.########.###


You could see a hobgoblin (strong), 2 goblins and a bat.

Vanquished Creatures
  A ball python (D:1)
  2 bats (D:1)
  A giant cockroach (D:1)
  2 goblins (D:1)
  A hobgoblin (D:1)
  A kobold (D:1)
  A quokka (D:1)
  2 frilled lizards (D:1)
  2 rats (D:1)
13 creatures vanquished.

Notes
Turn   | Place    | Note
-------+----------+-------------------------------------------
     0 | D:1      | Garessta the Demonspawn Brigand began the quest for the
                  | Orb.
     0 | D:1      | Reached XP level 1. HP: 16/16 MP: 1/1
   425 | D:1      | Gained mutation: Spells you cast may paralyse adjacent
                  | enemies. [demonic ancestry]
   425 | D:1      | Reached XP level 2. HP: 22/22 MP: 2/2
   531 | D:1      | Found Noenoasm's Magic Scroll Emporium.
   540 | D:1      | Bought a scroll of identify for 22 gold pieces
   842 | D:1      | Found a faded altar of an unknown god.
  1012 | D:1      | Bought a scroll of noise for 11 gold pieces
  1026 | D:2      | Noticed Robin
  1039 | D:1      | Slain by a goblin

Illustrated notes

Levels and vault maps discovered:
D:1:      eino_arrival_water_cross, layout_basic, serial_shops, shop,
          shapermc_ecumenical_altar_flowoftime
D:2:      layout_basic, uniq_robin

Skill      XL: |  1 |
---------------+----+-----
Short Blades   | 2 |  2.7
Fighting       | |  2.0
Throwing       | |  1.7
Dodging        | |  0.8
Stealth        | |  3.6

Action                   || total
-------------------------++-------
Melee: Dagger            ||    37
  Use: Scroll            ||     1
 Stab: Sleeping          ||     3
Armor: Robe              ||    16
Dodge: Dodged            ||    17

Table legend: (Time is in decaauts)
 A = Elapsed time spent in this place.
 B = Non-inter-level travel time spent in this place.
 C = Inter-level travel time spent in this place.
 D = Time resting spent in this place.
 E = Time spent auto-exploring this place.
 F = Levels seen in this place.
 G = Mean time per level.
                   A        B        C        D        E       F      G
               +--------+--------+--------+--------+--------+-----+--------+
         Total |   1036 |    993 |     43 |      0 |    866 |   2 |  518.0 |
       Dungeon |   1036 |    993 |     43 |      0 |    866 |   2 |  518.0 |
               +--------+--------+--------+--------+--------+-----+--------+

Top non-repeatable levels by time:
     D:1: 1030 daAuts
     D:2: 6 daAuts
